 Dungeon Crawl Stone Soup version 0.18.1-50-g88ac8fd (webtiles) character file.

5739 Minion the Cleaver (level 10, 0/121 HPs)
             Began as a Deep Dwarf Berserker on Oct 14, 2016.
             Was a Believer of Trog.
             Slain by a 15-headed hydra (1 damage)
             ... on level 10 of the Dungeon.
             The game lasted 00:24:51 (5008 turns).

Minion the Cleaver (Deep Dwarf Berserker)           Turns: 5008, Time: 00:24:52

Health: 0/121      AC: 16    Str: 27    XL:     10   Next: 49%
Magic:  19/19      EV: 12    Int:  7    God:    Trog [**....]
Gold:   359        SH:  0    Dex: 15    Spells: 0 memorised, 9 levels left

rFire  . . .     SeeInvis .     j - +3 hand axe
rCold  . . .     Gourm    .     I - +0 plate armour
rNeg   . . .     Faith    .     (no shield)
rPois  .         Spirit   .     (no helmet)
rElec  .         Dismiss  .     w - +0 cloak
rCorr  .         Reflect  .     (no gloves)
SustAt .         Harm     .     A - +0 pair of boots
MR     +++..                    (no amulet)
Stlth  ..........               (no ring)
                                o - ring of magical power

@: berserking (expiring), non-regenerating, very quick, extremely resistant to
hostile enchantments, extremely unstealthy
A: damage resistance, recharge devices, sense surroundings 2, slow regeneration
3
a: Device Recharging, Berserk, Trog's Hand, Burn Spellbooks, Renounce Religion


You were on level 10 of the Dungeon.
You worshipped Trog.
Trog was pleased with you.
You were not hungry.

You visited 1 branch of the dungeon, and saw 10 of its levels.

You collected 359 gold pieces.

Inventory:

Hand Weapons
 j - a +3 hand axe (weapon)
Armour
 w - a +0 cloak (worn)
 A - a +0 pair of boots (worn)
 I - a +0 plate armour (worn)
Jewellery
 o - a ring of magical power (left hand)
Wands
 c - a wand of heal wounds (1/9)
 i - a wand of random effects (10/48)
 H - a wand of random effects (11/48)
Scrolls
 b - 2 scrolls of fog
 g - a scroll of recharging {unknown}
 k - 8 scrolls of identify
 n - 2 scrolls of remove curse
 p - 2 scrolls of teleportation {unknown}
 q - a scroll of fear {unknown}
 y - 2 scrolls of random uselessness {unknown}
 z - 3 scrolls of enchant weapon {unknown}
 B - 2 scrolls of amnesia {unknown}
 F - a scroll of acquirement {unknown}
Potions
 a - a potion of mutation {unknown}
 e - a potion of lignification
 h - 3 potions of heal wounds {unknown}
 r - 3 potions of flight {unknown}
 s - a potion of haste {unknown}
 v - 2 potions of degeneration {unknown}
 x - a potion of curing {unknown}
 D - a potion of berserk rage {unknown}
Books
 C - a Necronomicon

   Spells                             Type                      Level
   a - Haunt                          Necromancy/Summoning         7
   b - Borgnjor's Revivification      Necromancy                   8
   c - Death's Door                   Charms/Necromancy            8
   d - Necromutation                  Transmutation/Necromancy     8
   Trog disapproves of the use of such an item.
 E - a book of Necromancy

   Spells                             Type                      Level
   a - Pain                           Necromancy                   1
   b - Animate Skeleton               Necromancy                   1
   c - Vampiric Draining              Necromancy                   3
   d - Regeneration                   Charms/Necromancy            3
   e - Animate Dead                   Necromancy                   4
   f - Control Undead                 Necromancy                   4
   Trog disapproves of the use of such an item.
 G - a book of the Dragon

   Spells                             Type                      Level
   a - Flame Tongue                   Conjuration/Fire             1
   b - Cause Fear                     Hexes                        4
   c - Bolt of Fire                   Conjuration/Fire             6
   d - Dragon Form                    Transmutation                7
   e - Dragon's Call                  Summoning                    9
   Trog disapproves of the use of such an item.
Comestibles
 d - 2 bread rations
 f - 4 meat rations
 l - 2 beef jerkies
 m - 23 fruits
 u - a chunk of flesh


   Skills:
 + Level 2.7 Fighting
 * Level 12.6 Axes
 + Level 8.6 Armour
 + Level 8.7 Dodging


You had 9 spell levels left.
You didn't know any spells.

Dungeon Overview and Level Annotations

Branches:
Dungeon (10/15)            Temple (0/1) D:6
   Lair: D:8-11         Orc: D:9-12

Altars:
Ashenzari
Dithmenos
Fedhas
Nemelex Xobeh
Xom
The Shining One

Shops:
D:4 [


Innate Abilities, Weirdness & Mutations

You are resistant to damage.
You can recharge devices by infusing magical energy.
You passively map the area around you.
You do not regenerate naturally.


Message History

You completely miss the 15-headed hydra.
The 15-headed hydra is moderately wounded.
You hit the hill giant.
The hill giant is heavily wounded.
You barely miss the 15-headed hydra.
The 15-headed hydra is moderately wounded.
You barely miss the hill giant.
The hill giant is heavily wounded.
The 15-headed hydra closely misses you.
The 15-headed hydra bites you but does no damage.
The 15-headed hydra misses you.
The 15-headed hydra bites you but does no damage.
The 15-headed hydra closely misses you.
The 15-headed hydra bites you but does no damage.
The 15-headed hydra closely misses you. x2
The 15-headed hydra barely misses you. The 15-headed hydra bites you!
* * * LOW HITPOINT WARNING * * *
The 15-headed hydra bites you but does no damage.
The 15-headed hydra bites you.
You die...

,, #..*#...#....#.#
,##..##.....##...####
...................
*#.##.......#..####.
#.........###.# *
#..##......##.# * * *
##.[†..........# * , ,
###....#......##.(# ,,,*
#.$..@##...[....#...# ,
....##CD##.....##..)#.#
,.>#*#...###########.....
, , #.$.h# *...#. * *
...#..# ##... ##......
.## #. ...#* ** #}##...,
* *, * * , *


You could see a 15-headed hydra, a hill giant and a hound.

Vanquished Creatures
  Erica (D:10)
  Sigmund (D:5)
  2 wyverns
  4 yaks (D:9)
  A water moccasin (D:8)
  Duvessa (D:7)
  A black bear (D:7)
  5 ice beasts
  3 phantoms
  A sky beast (D:7)
  3 ogres
  2 centaurs (D:9)
  A crocodile (D:9)
  3 big kobolds
  3 giant frogs
  Blork the orc (D:4)
  A wyvern zombie (D:10)
  A water moccasin zombie (D:9)
  Dowan (D:7)
  2 scorpions
  4 howler monkeys
  5 wights
  9 crimson imps
  2 jellies
  The ghost of sheala the Firebug, a weakling DEFE (D:4)
  2 giant frog zombies (D:6)
  5 hounds
  A centaur skeleton (D:10)
  3 orc priests
  6 orc wizards
  2 giant frog skeletons
  4 iguanas
  8 worker ants
  A killer bee zombie (D:7)
  A worker ant zombie (D:5)
  6 adders
  A shadow imp (D:5)
  2 adder skeletons
  A worm (D:5)
  A dart slug (D:3)
  4 giant geckos
  18 orcs
  5 giant cockroaches
  12 jackals
  3 quokkas
  A giant gecko skeleton (D:4)
  A giant gecko zombie (D:6)
  A jackal skeleton (D:4)
  17 kobolds
  2 rats (D:3)
167 creatures vanquished.

Notes
Turn   | Place    | Note
--------------------------------------------------------------
     0 | D:1      | Minion the Deep Dwarf Berserker began the quest for the Orb.
     0 | D:1      | Reached XP level 1. HP: 20/20 MP: 1/1
    88 | D:3      | Reached XP level 2. HP: 22/27 MP: 2/2
   124 | D:3      | Found a glowing golden altar of the Shining One.
   124 | D:3      | Found a sparkling altar of Nemelex Xobeh.
   124 | D:3      | Found a shimmering altar of Xom.
   205 | D:3      | Reached skill level 4 in Axes
   205 | D:3      | Reached XP level 3. HP: 12/33 MP: 3/3
   309 | D:4      | Noticed Blork the orc
   323 | D:4      | Killed Blork the orc
   323 | D:4      | Reached skill level 5 in Axes
   323 | D:4      | Reached XP level 4. HP: 19/40 MP: 4/4
   422 | D:4      | Found Latozas's Antique Armour Shop.
   454 | D:4      | Noticed sheala's ghost (weakling DEFE)
   460 | D:4      | Killed sheala's ghost
   460 | D:4      | Reached XP level 5. HP: 40/46 MP: 5/5
   472 | D:4      | Noticed an ogre
   479 | D:4      | Killed an ogre
   479 | D:4      | Reached skill level 6 in Axes
   619 | D:4      | Reached ** piety under Trog
   903 | D:5      | Entered Level 5 of the Dungeon
   992 | D:5      | Reached XP level 6. HP: 47/55 MP: 6/6
  1229 | D:5      | Found a shattered altar of Ashenzari.
  1275 | D:5      | Noticed an ice beast
  1292 | D:5      | Killed an ice beast
  1354 | D:5      | Noticed Sigmund
  1363 | D:5      | Killed Sigmund
  1363 | D:5      | Reached skill level 7 in Axes
  1363 | D:5      | Reached skill level 5 in Dodging
  1363 | D:5      | Reached XP level 7. HP: 49/61 MP: 7/7
  1834 | D:6      | Reached skill level 8 in Axes
  1854 | D:6      | Reached XP level 8. HP: 37/68 MP: 8/8
  1938 | D:6      | Found a shadowy altar of Dithmenos.
  2049 | D:6      | Reached skill level 5 in Armour
  2416 | D:6      | Found a staircase to the Ecumenical Temple.
  2427 | D:6      | Reached skill level 9 in Axes
  2596 | D:7      | Noticed Duvessa
  2598 | D:7      | Noticed Dowan
  2659 | D:7      | Killed Duvessa
  2661 | D:7      | Killed Dowan
  2663 | D:7      | Reached skill level 10 in Axes
  2663 | D:7      | Gained mutation: You passively map the area around you. [Deep Dwarf growth]
  2663 | D:7      | Reached XP level 9. HP: 74/74 MP: 9/9
  2724 | D:7      | Reached *** piety under Trog
  3528 | D:8      | Reached skill level 11 in Axes
  3536 | D:8      | Found a sparkling altar of Nemelex Xobeh.
  3637 | D:8      | Found a blossoming altar of Fedhas.
  4057 | D:9      | Reached XP level 10. HP: 42/81 MP: 10/10
  4372 | D:9      | Reached skill level 12 in Axes
  4829 | D:10     | Entered Level 10 of the Dungeon
  4829 | D:10     | Noticed Erica
  4854 | D:10     | Killed Erica
  4992 | D:10     | Noticed a six-headed hydra
  4994 | D:10     | Noticed a hill giant
  5008 | D:10     | HP: 1/121 [15-headed hydra (9)]
  5008 | D:10     | Slain by a 15-headed hydra

Skill      XL: |  1  2  3  4  5  6  7  8  9 10 |
---------------+-------------------------------+-----
Axes           | 4 5 6 7 8 10 11 12 | 12.6
Dodging        | 3 4 5 6 8 |  8.7
Armour         | 3 4 6 7 8 |  8.6
Fighting       | |  2.7

Action                   |  1- 3 |  4- 6 |  7- 9 | 10-12 || total
-------------------------+-------+-------+-------+-------++-------
Melee: Hand axe          |    49 |   155 |   335 |   141 ||   680
Invok: Trog's Hand       |       |     4 |    16 |    11 ||    31
       Berserk           |       |       |     9 |     5 ||    14
Evoke: Wand              |     1 |     3 |       |       ||     4
  Use: Scroll            |       |     2 |     2 |       ||     4
 Stab: Sleeping          |     1 |       |       |       ||     1
  Eat: Chunk             |       |     1 |    10 |    11 ||    22
       Bread ration      |       |     1 |     1 |       ||     2
       Fruit             |       |       |     1 |       ||     1
Armor: Animal skin       |     6 |       |       |       ||     6
       Ring mail         |       |    48 |    24 |       ||    72
       Robe              |       |       |    54 |     9 ||    63
       Plate armour      |       |       |       |    21 ||    21
Dodge: Dodged            |    25 |    77 |   217 |   108 ||   427
